 Dungeon Crawl Stone Soup version 0.23.2-1-ga50397a (webtiles) character file.

Game seed: 14992815099514586840

429 diana the Slasher (level 6, -4/52 HPs)
             Began as a Demigod Fighter on May 30, 2019.
             Slain by a sky beast (5 damage)
             ... on level 6 of the Dungeon.
             The game lasted 00:04:59 (3225 turns).

diana the Slasher (Demigod Fighter)                 Turns: 3225, Time: 00:04:59

Health: -4/52      AC:  8    Str: 26    XL:     6   Next: 38%
Magic:  8/8        EV:  9    Int: 12    God:
Gold:   109        SH: 10    Dex: 17    Spells: 5/5 levels left

rFire    . . .     SeeInvis .   a - +0 long sword
rCold    . . .     Gourm    .   c - +0 shield
rNeg     . . .     Faith    .   b - +0 scale mail
rPois    .         Spirit   .   (no helmet)
rElec    .         Reflect  .   n - +0 cloak
rCorr    +         Harm     .   (no gloves)
MR       .....                  (no boots)
Stlth    ..........             (no amulet)
HPRegen  0.17/turn              j - ring of resist corrosion
MPRegen  0.11/turn              (no ring)

@: mighty, slowed, very slow
A: high mp 1
a: no special abilities


You were on level 6 of the Dungeon.
You were not hungry.

You visited 1 branch of the dungeon, and saw 6 of its levels.

You collected 109 gold pieces.

Inventory:

Hand Weapons
 a - a +0 long sword (weapon)
Missiles
 p - 2 throwing nets (quivered)
Armour
 b - a +0 scale mail (worn)
 c - a +0 shield (worn)
 n - a +0 cloak (worn)
Jewellery
 j - a ring of resist corrosion (left hand)
 m - an uncursed amulet of harm {unknown}
Scrolls
 g - 3 scrolls of identify {unknown}
 k - 2 scrolls of blinking {unknown}
 l - a scroll of random uselessness {unknown}
 o - a scroll of noise {unknown}
 r - a scroll of fear {unknown}
 t - a scroll of fog {unknown}
 w - a scroll of amnesia {unknown}
Potions
 h - a potion of cancellation {unknown}
 i - a potion of mutation {unknown}
 s - a potion of degeneration {unknown}
 u - a potion of brilliance {unknown}
 v - a potion of haste {unknown}
 x - a potion of magic {unknown}
Comestibles
 f - 5 rations


   Skills:
 + Level 3.7 Fighting
 * Level 3.9 Long Blades
 + Level 3.7 Armour
 + Level 2.3 Dodging
 + Level 3.6 Shields


You had 5 spell levels left.
You didn't know any spells.
Your spell library was empty.

Dungeon Overview and Level Annotations

Branches:
Dungeon (6/15)             Temple (0/1) D:4


Innate Abilities, Weirdness & Mutations

You have an increased reservoir of magic. (+10% MP)


Message History

You block the gnoll's attack. The orc wizard barely misses you.
You riposte.
You closely miss the orc wizard. You block the sky beast's attack.
The gnoll hits you with a +0 whip.
* * * LOW HITPOINT WARNING * * *
The orc wizard hits you but does no damage.
You closely miss the sky beast.
The sky beast is severely wounded.
You block the orc wizard's attack.
The sky beast flickers out of sight!
Deactivating autopickup; reactivate with Ctrl-A.
Something hits you.
* * * LOW HITPOINT WARNING * * *
Something shocks you.
* * * LOW HITPOINT WARNING * * *
The gnoll hits you but does no damage.
The orc wizard hits you with a +0 dagger.
* * * LOW HITPOINT WARNING * * *
Something hits you.
* * * LOW HITPOINT WARNING * * *
Something shocks you.
You die...

# .# .. .# ..
###.#..#
#@)....#
+.....o{g....#
#...#........#
.. ######...#
(..# ..# ##


You could see an orc wizard and a gnoll.

Vanquished Creatures
  2 scorpions (D:4)
  2 jellies (D:3)
  2 orc wizards (D:4)
  A worker ant (D:3)
  4 adders
  A gnoll (D:4)
  9 oozes
  3 worms (D:3)
  5 dart slugs
  10 orcs
  A giant cockroach (D:4)
  10 goblins
  4 hobgoblins
  11 bats
  A frilled lizard (D:2)
  A jackal skeleton (D:3)
  16 kobolds
  14 rats
97 creatures vanquished.

Vanquished Creatures (others)
  3 fungi (D:3)
  6 toadstools (D:3)
9 creatures vanquished.

Grand Total: 106 creatures vanquished

Notes
Turn   | Place    | Note
-------+----------+-------------------------------------------
     0 | D:1      | diana the Demigod Fighter began the quest for the Orb.
     0 | D:1      | Reached XP level 1. HP: 18/18 MP: 3/3
   111 | D:1      | Reached XP level 2. HP: 25/25 MP: 4/4
   688 | D:2      | Found a stormy altar of Qazlal.
   703 | D:2      | Reached XP level 3. HP: 24/31 MP: 5/5
  1132 | D:2      | Reached skill level 1 in Dodging
  1654 | D:3      | Reached XP level 4. HP: 28/38 MP: 6/6
  1808 | D:3      | Reached XP level 5. HP: 19/45 MP: 7/7
  2605 | D:4      | Found a staircase to the Ecumenical Temple.
  2622 | D:4      | Found a burning altar of Makhleb.
  2653 | D:4      | Reached XP level 6. HP: 16/51 MP: 8/8
  3142 | D:4      | Found a sparkling altar of Nemelex Xobeh.
  3207 | D:5      | Entered Level 5 of the Dungeon
  3225 | D:6      | HP: 1/52 [something (4)]
  3225 | D:6      | Slain by a sky beast

Skill      XL: |  1  2  3  4  5 |
---------------+----------------+-----
Long Blades    | 2 3 |  3.9
Armour         | 3 |  3.7
Fighting       | 3 |  3.7
Shields        | 3 |  3.6
Dodging        | 1 2 |  2.3

Action                   |  1- 3 |  4- 6 || total
-------------------------+-------+-------++-------
Melee: Long sword        |   136 |   154 ||   290
  Use: Potion            |       |     5 ||     5
       Scroll            |       |     1 ||     1
  Eat: Chunk             |     1 |       ||     1
       Ration            |       |     2 ||     2
Armor: Scale mail        |    53 |    97 ||   150
Dodge: Dodged            |    38 |    72 ||   110
Block: Shield            |    76 |   125 ||   201
       Rpst.: Long sword |    10 |    22 ||    32
